 Dungeon Crawl Stone Soup version 0.19-a0-1626-g5215c36 (webtiles) character file.

107 sveltemanboy the Skirmisher (level 4, -1/37 HPs)
             Began as a Demonspawn Monk on Sept 18, 2016.
             Slain by a worker ant (4 damage)
             ... on level 3 of the Dungeon.
             The game lasted 00:05:54 (3173 turns).

sveltemanboy the Skirmisher (Demonspawn Monk)       Turns: 3173, Time: 00:05:55

Health: -1/37      AC:  3    Str: 10 (12) XL:     4   Next: 56%
Magic:  4/4        EV: 13    Int: 11 (12) God:
Gold:   136        SH:  0    Dex: 12 (15) Spells: 0 memorised, 3 levels left

rFire  . . .     SeeInvis .       - Unarmed
rCold  + . .     Gourm    .     o - +0 leather armour
rNeg   . . .     Faith    .     (no shield)
rPois  .         Spirit   .     (no helmet)
rElec  .         Dismiss  .     (no cloak)
rCorr  .         Reflect  .     (no gloves)
MR     .....     Harm     .     (no boots)
Stlth  ++........               (no amulet)
                                (no ring)
                                (no ring)

@: lethally poisoned (-1 -> -9)
A: cold resistance 1
a: no special abilities


You were on level 3 of the Dungeon.
You were hungry.

You visited 1 branch of the dungeon, and saw 3 of its levels.

You collected 136 gold pieces.

Inventory:

Armour
 o - a +0 leather armour (worn)
Scrolls
 c - a scroll of teleportation {unknown}
 d - a scroll of blinking {unknown}
 e - a scroll of fear {unknown}
 h - a scroll of recharging {unknown}
 i - 3 scrolls of identify {unknown}
 j - 2 scrolls of remove curse {unknown}
 k - a scroll of noise {unknown}
Potions
 g - a potion of haste
Comestibles
 b - 3 bread rations
 f - a beef jerky
 l - a meat ration


   Skills:
 + Level 3.8 Fighting
 + Level 2.2 Armour
 + Level 3.5 Dodging
 - Level 1.7 Stealth
 - Level 2.6 Unarmed Combat


You had 3 spell levels left.
You didn't know any spells.

Dungeon Overview and Level Annotations

Branches:
Dungeon (3/15)

Altars:
Fedhas
Xom
Zin


Innate Abilities, Weirdness & Mutations

Your flesh is cold resistant. (rC+)


Message History

You feel sick.
The worker ant bites you but does no damage.
The worker ant barely misses you.
Okay, then.
Throwing (i - inventory):
m - 2 tomahawks (quivered)
Press: ? - help, Shift-Dir - straight line, f/p - worker ant
Aim: a worker ant (moderately wounded)
You throw a tomahawk.
The tomahawk barely misses the worker ant.
* * * LOW HITPOINT WARNING * * *
You feel sick. The worker ant bites you.
* * * LOW HITPOINT WARNING * * *
Throwing (i - inventory):
m - a tomahawk (quivered)
Press: ? - help, Shift-Dir - straight line, f/p - worker ant
Aim: a worker ant (moderately wounded)
You throw a tomahawk.
The tomahawk closely misses the worker ant.
* * * LOW HITPOINT WARNING * * *
You feel sick. The worker ant bites you.
You die...

#........#...
#....###.#.####..
###### #...(.....
#######..###...
#........#
#........#
#........# .
#....[...#######....
#....)...@a(....(#
#........######..#
#........# #
#........#
#........# #########


You could see a worker ant.

Vanquished Creatures
  4 adders (D:2)
  An ooze (D:1)
  A worm (D:2)
  2 dart slugs (D:1)
  A leopard gecko (D:2)
  An orc (D:3)
  A ball python (D:2)
  2 giant cockroaches
  6 goblins
  14 hobgoblins
  8 kobolds
  5 bats
  4 frilled lizards
  4 rats (D:1)
54 creatures vanquished.

Notes
Turn   | Place    | Note
-------+----------+-------------------------------------------
     0 | D:1      | sveltemanboy the Demonspawn Monk began the quest for the Orb.
     0 | D:1      | Reached XP level 1. HP: 18/18 MP: 1/1
   224 | D:1      | Gained mutation: Your flesh is cold resistant. (rC+) [demonic ancestry]
   224 | D:1      | Reached XP level 2. HP: 17/24 MP: 2/2
   312 | D:1      | Reached skill level 1 in Armour
   808 | D:1      | Reached XP level 3. HP: 26/29 MP: 3/3
  1436 | D:2      | Found a glowing silver altar of Zin.
  1436 | D:2      | Found a shimmering altar of Xom.
  1577 | D:2      | Found a blossoming altar of Fedhas.
  2074 | D:2      | Reached XP level 4. HP: 13/36 MP: 4/4
  3173 | D:3      | Slain by a worker ant

Vault maps used:
D:1:      dpeg_arrival_rhombus
D:2:      grunt_temple_overflow_open
D:3:      old_standard_altar, first_bread

Skill      XL: |  1  2  3  4 |
---------------+-------------+-----
Armour         | 1 2 |  2.2
Dodging        | 3 |  3.5
Fighting       | |  3.8
Stealth        | |  1.7
Unarmed Combat | |  2.6

Action                   |  1- 3 |  4- 6 || total
-------------------------+-------+-------++-------
Melee: Unarmed           |   214 |    67 ||   281
       Punch             |     2 |       ||     2
Throw: Tomahawk          |       |     9 ||     9
  Use: Potion            |     4 |       ||     4
 Stab: Sleeping          |     1 |     1 ||     2
  Eat: Chunk             |     4 |     3 ||     7
Armor: Robe              |    37 |     1 ||    38
       Skin              |     3 |     4 ||     7
       Leather armour    |       |     4 ||     4
Dodge: Dodged            |   143 |    37 ||   180
